 Dungeon Crawl Stone Soup version 0.31-a0-774-g0d66cbabe8 (webtiles) character file.

Game seed: 10631363671090364553

15 Shayle the Changeling (level 2, -1/28 HPs)
             Began as an Ogre Shapeshifter on Sept 17, 2023.
             Slain by Natasha (6 damage)
             ... on level 2 of the Dungeon.
             The game lasted 00:01:26 (261 turns).

Shayle the Changeling (Ogre Shapeshifter)            Turns: 261, Time: 00:01:26

Health: -1/28      AC:  3    Str: 17    XL:     2   Next: 50%
Magic:  3/3        EV:  9    Int: 11    God:
Gold:   34         SH:  0    Dex:  8    Spells: 2/2 levels left

rFire   . .          .
                       - Unarmed
rCold   . . .        (no shield)
rNeg    . . .        a - +0 animal skin
rPois   .            (helmet currently unavailable)
rElec   .            (cloak currently unavailable)
rCorr   .            (gloves unavailable)
SInv    .            (boots unavailable)
Will    .....        (no amulet)
Stlth   +            (no ring)
HPRegen 0.24/turn    (no ring)
MPRegen 0.08/turn

%: no passive effects
@: beast-form
A: beast (slay +1), large, unfitting armour, tough skin 1
a: Begin Untransformation


You were on level 2 of the Dungeon.
You were a hulking beast.
You visited 1 branch of the dungeon, and saw 2 of its levels.

You collected 34 gold pieces.

Inventory:

Armour
 a - a +0 animal skin (worn)
Talismans
 c - a beast talisman (active)
 d - a flux talisman
Potions
 b - a potion of lignification


   Skills:
 + Level 2.0 Fighting
 - Level 1.7 Dodging
 + Level 2.9 Unarmed Combat
 + Level 0.9 Spellcasting
 + Level 3.2 Shapeshifting


You had 2 spell levels left.
You didn't know any spells.
Your spell library was empty.

Dungeon Overview and Level Annotations

Branches:
Dungeon (2/15)

Altars:

Annotations:
D:2 Natasha


Innate Abilities, Weirdness & Mutations

You are a hulking beast.
Your limbs bulge with bestial killing power. (Slay +1)
You are too large for most types of armour.
You have tough skin. (AC +1)


Message History

The hobgoblin is almost dead.
The hobgoblin hits you.
You hit the hobgoblin.
You kill the hobgoblin!
Found a stone staircase leading down.
The frilled lizard completely misses you.
You barely miss the frilled lizard. The frilled lizard closely misses you.
You hit the frilled lizard.
You kill the frilled lizard!
Found 10 gold pieces.
A dart slug comes into view.
A dart slug is nearby!
Natasha, Servant of Life and Death comes into view.
Found an escape hatch in the ceiling.
Natasha hisses angrily.
You hit the dart slug.
The dart slug is severely wounded.
Natasha stares at you and mumbles some strange words.
The magic dart hits you! The dart slug launches a dart at you.
The slug dart hits you.
You punch the dart slug!
You kill the dart slug!
Your Fighting skill increases to level 2!
Natasha growls.
You hit Natasha.
Natasha is moderately wounded.
Natasha claws you but does no damage.
You hit Natasha but do no damage.
Natasha is moderately wounded.
Natasha claws you but does no damage.
You closely miss Natasha.
Natasha is moderately wounded.
Natasha claws you!
* * * LOW HITPOINT WARNING * * *
You closely miss Natasha.
Natasha is moderately wounded.
Natasha claws you.
You die...
Natasha begins licking her fur clean.

#.# #.#
##########.# ##
#..........# .
#..........#.#
#..........#.##
#.<.......>..$##.#
#..........†....<#
#........h........
#........h##......
#.........+ ......
#.........# .....
#.........# .....
#.......... ....
......... ....
#####....


You could see Natasha.

Vanquished Creatures
  A dart slug (D:2)
  A ball python (D:1)
  An endoplasm (D:1)
  A giant cockroach (D:1)
  2 goblins (D:1)
  2 hobgoblins
  2 bats (D:1)
  2 frilled lizards
12 creatures vanquished.

Notes
Turn   | Place    | Note
-------+----------+-------------------------------------------
     0 | D:1      | Shayle the Ogre Shapeshifter began the quest for the Orb.
     0 | D:1      | Reached XP level 1. HP: 19/19 MP: 1/1
   203 | D:1      | Reached XP level 2. HP: 26/28 MP: 2/2
   253 | D:2      | Noticed Natasha
   261 | D:2      | Slain by Natasha

Illustrated notes

Levels and vault maps discovered:
D:1:      spicycebolla_green_bress_n_ham, layout_basic, serial_shops, shop,
          nicolae_shop_vocational
D:2:      layout_basic, serial_shops, shop_fountains, uniq_natasha, uniq_robin

Skill      XL: |  1  2 |
---------------+-------+-----
Fighting       | 2 |  2.0
Dodging        | |  1.7
Unarmed Combat | |  2.9
Spellcasting   | |  0.9
Shapeshifting  | |  3.2

Action                     || total
---------------------------++-------
  Melee: Unarmed           ||    56
 Armour: Animal skin       ||    40
  Dodge: Dodged            ||    23

Table legend: (Time is in decaauts)
 A = Elapsed time spent in this place.
 B = Non-inter-level travel time spent in this place.
 C = Inter-level travel time spent in this place.
 D = Time resting spent in this place.
 E = Time spent auto-exploring this place.
 F = Levels seen in this place.
 G = Mean time per level.
                   A        B        C        D        E       F      G
               +--------+--------+--------+--------+--------+-----+--------+
         Total |    257 |    257 |      0 |      0 |    129 |   2 |  128.5 |
       Dungeon |    257 |    257 |      0 |      0 |    129 |   2 |  128.5 |
               +--------+--------+--------+--------+--------+-----+--------+

Top non-repeatable levels by time:
     D:1: 236 daAuts
     D:2: 21 daAuts
